 Dungeon Crawl Stone Soup version 0.19-a0-1720-gc855d72 (webtiles) character file.

422 dobroeutro the Cudgeler (level 6, 0/40 HPs)
             Began as a Gargoyle Fighter on Sept 29, 2016.
             Slain by DEFE's ghost (2 damage)
             ... on level 3 of the Dungeon.
             The game lasted 00:04:30 (2491 turns).

dobroeutro the Cudgeler (Gargoyle Fighter)          Turns: 2491, Time: 00:04:32

Health: 0/40       AC: 15    Str: 21    XL:     6   Next: 95%
Magic:  6/6        EV:  7    Int:  8    God:
Gold:   125        SH:  9    Dex: 10    Spells: 0 memorised, 5 levels left

rFire  . . .     SeeInvis +     a - +0 flail
rCold  . . .     Gourm    .     b - +0 scale mail
rNeg   + . .     Faith    .     c - +0 shield
rPois  ∞         Spirit   .     m - +0 helmet
rElec  +         Dismiss  .     (no cloak)
rCorr  .         Reflect  .     (no gloves)
MR     .....     Harm     .     h - +0 pair of boots
Stlth  ..........               (no amulet)
                                (no ring)
                                w - ring of see invisible

@: no status effects
A: negative energy resistance 1, electricity resistance, unbreathing,
petrification resistance, rot immunity, AC +4
a: no special abilities


You were on level 3 of the Dungeon.
You were not hungry.

You visited 1 branch of the dungeon, and saw 4 of its levels.

You collected 125 gold pieces.

Inventory:

Hand Weapons
 a - a +0 flail (weapon)
Armour
 b - a +0 scale mail (worn)
 c - a +0 shield (worn)
 h - a +0 pair of boots (worn)
 m - a +0 helmet (worn)
Jewellery
 w - a ring of see invisible (left hand)
Scrolls
 e - 4 scrolls of remove curse {unknown}
 g - a scroll of noise {unknown}
 i - 3 scrolls of teleportation {unknown}
 n - 4 scrolls of identify {unknown}
 q - a scroll of magic mapping {unknown}
 s - a scroll of enchant weapon {unknown}
 u - a scroll of fog {unknown}
 x - a scroll of enchant armour {unknown}
 y - a scroll of amnesia {unknown}
Potions
 d - a potion of might
 j - a potion of brilliance {unknown}
 k - 3 potions of lignification {unknown}
 o - a potion of invisibility {unknown}
 p - a potion of haste {unknown}
 t - a potion of berserk rage {unknown}
 v - 2 potions of flight {unknown}
Comestibles
 f - 3 bread rations
 l - a beef jerky
 r - a meat ration


   Skills:
 + Level 5.0 Fighting
 * Level 5.3 Maces & Flails
 + Level 4.8 Armour
 - Level 3.2 Shields


You had 5 spell levels left.
You didn't know any spells.

Dungeon Overview and Level Annotations

Branches:
Dungeon (4/15)
 Temple: D:4-7

Altars:
Kikubaaqudgha
Xom

Annotations:
D:3 DEFE's ghost, amateur DDHu


Innate Abilities, Weirdness & Mutations

You are resistant to torment.
Your stone body is resilient. (AC +4)
You are immune to poison.
You resist negative energy. (rN+)
You are resistant to electric shocks. (rElec)
You can survive without breathing.
You are immune to petrification.
You are immune to rotting.


Message History

You hit DEFE's ghost but do no damage.
DEFE's ghost hits you but does no damage.
You hit DEFE's ghost but do no damage.
DEFE's ghost hits you but does no damage.
Your shield and scale mail prevent you from hitting DEFE's ghost.
DEFE's ghost hits you! DEFE's ghost barely misses you.
You barely miss DEFE's ghost. You block DEFE's ghost's attack.
You hit DEFE's ghost.
DEFE's ghost is lightly damaged.
DEFE's ghost hits you.
Your shield prevents you from hitting DEFE's ghost.
DEFE's ghost is lightly damaged.
DEFE's ghost barely misses you.
You hit DEFE's ghost but do no damage.
DEFE's ghost is lightly damaged.
DEFE's ghost hits you.
* * * LOW HITPOINT WARNING * * *
x2 DEFE's ghost hits you!
* * * LOW HITPOINT WARNING * * *
You die...

######..........#....#####
........................>####
#####...##......#...#.#.....#
.####...#####.........#.###.#
..............#.........###.#####
#..##...(.......................#
........##...............##.#####
...#..####.#.####W.......##.#
......####.#.#..@..##....##.#
.........................##.#
...........#.####.#......##.#
...#..#......####....##.###.#
##.............[......#.###.#
##..#.....##.####....##.....#
....#....###.##.#.##....#####
....#..............#.####
...........#.#..##.#.#


You could see DEFE's ghost.

Vanquished Creatures
  Grinder (D:3)
  2 vampire bats (D:2)
  2 orc wizards
  An iguana (D:3)
  3 oozes (D:2)
  3 leopard geckos
  An orc (D:2)
  A ball python (D:1)
  2 bat skeletons (D:2)
  3 bat zombies (D:2)
  2 giant cockroaches
  7 goblins
  4 hobgoblins
  3 jackals (D:4)
  3 quokkas
  11 bats
  5 frilled lizards
  3 kobolds
  11 rats
68 creatures vanquished.

Notes
Turn   | Place    | Note
-------+----------+-------------------------------------------
     0 | D:1      | dobroeutro the Gargoyle Fighter began the quest for the Orb.
     0 | D:1      | Reached XP level 1. HP: 14/14 MP: 1/1
   163 | D:1      | Reached XP level 2. HP: 19/19 MP: 2/2
   631 | D:2      | Found a shimmering altar of Xom.
   650 | D:2      | Reached XP level 3. HP: 19/23 MP: 3/3
  1270 | D:2      | Found an ancient bone altar of Kikubaaqudgha.
  1296 | D:2      | Reached XP level 4. HP: 27/29 MP: 4/4
  1307 | D:2      | Reached XP level 5. HP: 32/33 MP: 5/5
  1687 | D:3      | Noticed Grinder
  1693 | D:3      | Paralysed by Grinder for 4 turns
  1736 | D:3      | Paralysed by Grinder for 4 turns
  1745 | D:3      | Reached XP level 6. HP: 32/39 MP: 6/6
  1745 | D:3      | Paralysed by Grinder for 7 turns
  2004 | D:3      | Noticed DEFE's ghost (amateur DDHu)
  2361 | D:3      | Killed Grinder
  2361 | D:3      | Reached skill level 5 in Fighting
  2361 | D:3      | Reached skill level 5 in Maces & Flails
  2491 | D:3      | HP: 2/40 [DEFE's ghost (8)]
  2491 | D:3      | Slain by DEFE's ghost

Vault maps used:
D:1:      minmay_arrival_four_circles, hangedman_abyss_or_decor_stabs
D:2:      overflow_temple_1_default, kennysheep_vampire_church
D:3:      first_bread, st_stairs_13, uniq_grinder
D:4:      nicolae_overflow_crystal_walls, uniq_duvessa

Skill      XL: |  1  2  3  4  5  6 |
---------------+-------------------+-----
Maces & Flails | 3 4 5 |  5.3
Fighting       | 4 5 |  5.0
Armour         | 4 |  4.8
Shields        | |  3.2

Action                   |  1- 3 |  4- 6 || total
-------------------------+-------+-------++-------
Melee: Flail             |   175 |   153 ||   328
  Eat: Chunk             |       |     6 ||     6
Armor: Scale mail        |   124 |    95 ||   219
Dodge: Dodged            |    62 |    31 ||    93
Block: Shield            |   101 |    68 ||   169
